[Event "Titled Tuesday Blitz January 03 Late 2023"]
[White "Roberson, Peter T"]
[Black "Kadric, Denis"]
[WhiteFideId "412384"]
[BlackFideId "14403803"]
[WhiteElo "2430"]
[BlackElo "2601"]
[Result "0-1"]
[Round "02"]
[TimeControl "180+2"]
[Date "2023.01.03"]
[WhiteClock "0:00:02"]
[BlackClock "0:00:27"]

1. e4 d6 2. d4 Nf6 3. Nc3 e5 4. Nf3 Nbd7 5. Bc4 Be7 6. a4 O-O 7. h3 c6 8. O-O h6 9. Be3 Re8 10. Nh4 exd4 11. Qxd4 Ne5 12. Ba2 Nh7 13. Nf5 Bxf5 14. exf5 Bf6 15. Qd2 d5 16. Bd4 Qd7 17. Qf4 Re7 18. Rad1 a6 19. Bc5 Ree8 20. Ne4 Bg5 21. Nxg5 hxg5 22. Qb4 a5 23. Qd2 Qxf5 24. c3 g4 25. Bb1 Qh5 26. hxg4 Nxg4 27. Qf4 Nhf6 28. Rfe1 Ne5 29. Bd4 Ng6 30. Qc7 Ne4 31. f3 Ng5 32. Qg3 Qh4 0-1


[Site "https://www.chess.com"]

[Event "Titled Tuesday Blitz January 03 Late 2023"]
[White "Beerdsen, Thomas"]
[Black "Riff, Vincent"]
[WhiteFideId "1030108"]
[BlackFideId "617776"]
[WhiteElo "2507"]
[BlackElo "2383"]
[Result "1-0"]
[Round "02"]
[TimeControl "180+2"]
[Date "2023.01.03"]
[WhiteClock "0:00:09"]
[BlackClock "0:00:01"]

1. e4 c5 2. Nf3 Nc6 3. Bc4 e6 4. O-O a6 5. Re1 Nf6 6. e5 d5 7. exf6 dxc4 8. fxg7 Bxg7 9. a4 O-O 10. Na3 b5 11. d3 cxd3 12. cxd3 Nb4 13. Re3 Bb7 14. Nc2 Nd5 15. Re1 Kh8 16. Ng5 Qf6 17. Re4 Qg6 18. Rh4 Nf6 19. axb5 axb5 20. Rxa8 Bxa8 21. Bf4 Kg8 22. Ne3 h6 23. Nf3 Bxf3 24. Qxf3 Rd8 25. h3 Rxd3 26. Qa8+ Kh7 27. Ng4 Nh5 28. Be3 f5 29. Qf3 fxg4 30. hxg4 Nf6 31. g5 Nd5 32. gxh6 Be5 33. Rg4 Nxe3 34. Rxg6 Rd1+ 35. Qxd1 Nxd1 36. Rxe6 Bxb2 37. g4 Bd4 38. g5 Nxf2 39. Kg2 Ng4 40. Kg3 Ne5 41. Kf4 Ng6+ 42. Kf5 Nh4+ 43. Kg4 Ng6 44. Rb6 b4 45. Rb7+ Kg8 46. Kf5 Nh4+ 47. Kg4 Ng6 48. h7+ Kh8 49. Kh5 Nf4+ 50. Kh6 Be5 51. Re7 Ne6 52. Re8+ Nf8 53. Rxf8# 1-0


[Site "https://www.chess.com"]

[Event "Titled Tuesday Blitz January 03 Late 2023"]
[White "Gurevich, Dmitry"]
[Black "Riehle, Marco"]
[WhiteFideId "2000407"]
[BlackFideId "12904392"]
[WhiteElo "2393"]
[BlackElo "2368"]
[Result "0-1"]
[Round "02"]
[TimeControl "180+2"]
[Date "2023.01.03"]
[WhiteClock "0:00:55"]
[BlackClock "0:00:42"]

1. d4 d5 2. c4 e6 3. Nc3 c5 4. e3 cxd4 5. exd4 Nf6 6. Nf3 Be7 7. cxd5 Nxd5 8. Bd3 O-O 9. O-O Nc6 10. Qe2 Re8 11. Rd1 Bf6 12. a3 Nce7 13. Ne4 Ng6 14. g3 b6 15. Bb5 Bd7 16. Ba6 Bc6 17. h4 Nc7 18. Bd3 h6 19. h5 Nf8 20. Bf4 Nd5 21. Be5 Nh7 22. Rac1 Ba4 23. Re1 a5 24. Bb5 Bxb5 25. Qxb5 Bxe5 26. dxe5 Qe7 27. Nd6 Red8 28. Nd4 Qg5 29. Rc7 Rf8 30. Qe2 Nxc7 0-1


[Site "https://www.chess.com"]

[Event "Titled Tuesday Blitz January 03 Late 2023"]
[White "Stearman, Josiah"]
[Black "Slade, Theodore"]
[WhiteFideId "2062496"]
[BlackFideId "426547"]
[WhiteElo "2385"]
[BlackElo "1995"]
[Result "0-1"]
[Round "02"]
[TimeControl "180+2"]
[Date "2023.01.03"]
[WhiteClock "0:00:10"]
[BlackClock "0:00:30"]

1. e4 e5 2. Nf3 Nc6 3. Bc4 Bc5 4. O-O Nf6 5. d4 Bxd4 6. Nxd4 Nxd4 7. f4 d6 8. fxe5 dxe5 9. Bg5 Qe7 10. Na3 Rg8 11. Kh1 Bd7 12. Qe1 O-O-O 13. c3 Ne6 14. Be3 Kb8 15. Qh4 Bc6 16. Rae1 g5 17. Qh6 Rg6 18. Qh3 Nxe4 19. Qf5 Rh6 20. Qxe5 Nd6 21. Bb3 Rg8 22. Nc4 Nxc4 23. Bxc4 Rhg6 24. b4 a6 25. Bf2 Qd6 26. Qe3 Nf4 27. Qa7+ Kc8 28. Rg1 Nxg2 29. Rxg2 Bxg2+ 30. Kxg2 Qc6+ 31. Kg1 Qxc4 32. Rd1 Qg4+ 0-1


[Site "https://www.chess.com"]

[Event "Titled Tuesday Blitz January 03 Late 2023"]
[White "Defend, Balint"]
[Black "Timmermans, Mark"]
[WhiteFideId "17004853"]
[BlackFideId "1026399"]
[WhiteElo "1673"]
[BlackElo "2392"]
[Result "0-1"]
[Round "02"]
[TimeControl "180+2"]
[Date "2023.01.03"]
[WhiteClock "0:00:10"]
[BlackClock "0:00:12"]

1. e4 e5 2. Nf3 Nc6 3. Bc4 Nf6 4. d4 exd4 5. e5 d5 6. Bb5 Ne4 7. Nxd4 Bc5 8. Be3 Bd7 9. Bxc6 bxc6 10. f3 Qh4+ 11. g3 Nxg3 12. Bf2 Qh3 13. Bxg3 Qg2 14. Nc3 Qxh1+ 15. Ke2 Qxd1+ 16. Rxd1 Bxd4 17. Rxd4 O-O 18. b4 a5 19. a3 axb4 20. axb4 Rfe8 21. Kd2 Ra1 22. f4 h6 23. Nd1 Bf5 24. Ne3 Be4 25. f5 f6 26. e6 g6 27. fxg6 Rxe6 28. Bxc7 f5 29. Bg3 Rxg6 30. Kc3 Ra3+ 31. Kd2 Re6 32. Bf4 Ra2 33. Kc3 Re8 34. Rd2 Kf7 35. Kd4 Rea8 36. Kc5 Rb2 37. Bxh6 Ra3 38. Nd1 Rxc2+ 39. Rxc2 Bxc2 40. Ne3 Be4 41. b5 cxb5 42. Kxb5 d4 43. Nc4 Rb3+ 44. Kc5 Rh3 45. Bf4 Ke6 46. Kxd4 Rd3+ 47. Kc5 Rd5+ 48. Kb4 Rd8 49. Kc3 Rd3+ 50. Kb4 Rf3 51. Be3 f4 52. Bc5 Bd5 53. Nd2 Rd3 54. Nf1 f3 55. Be3 Rb3+ 56. Kc5 Rb1 57. Ng3 Re1 58. Kd4 Ra1 59. Bf2 Ra2 60. Ke3 Bc6 61. Be1 Ke5 62. Bf2 Ke6 63. Nf1 Kf7 64. Ng3 Kg6 65. h4 Kh6 66. Nf1 Re2+ 67. Kf4 Rxf2 68. Ng3 Rg2 69. h5 f2 70. Ne2 f1=Q+ 0-1


[Site "https://www.chess.com"]

[Event "Titled Tuesday Blitz January 03 Late 2023"]
[White "Cristobal, Manuel"]
[Black "Hnydiuk, Aleksander"]
[WhiteFideId "112879"]
[BlackFideId "1109057"]
[WhiteElo "2257"]
[BlackElo "2363"]
[Result "1-0"]
[Round "02"]
[TimeControl "180+2"]
[Date "2023.01.03"]
[WhiteClock "0:01:00"]
[BlackClock "0:00:50"]

1. d4 Nf6 2. Nf3 g6 3. e3 Bg7 4. Be2 O-O 5. O-O c5 6. b3 cxd4 7. exd4 b6 8. Bb2 Bb7 9. c4 d5 10. Nbd2 Nc6 11. Re1 Rc8 12. Ne5 dxc4 13. Ndxc4 Nd5 14. Bf3 Rc7 15. Rc1 Nxe5 16. dxe5 Qa8 17. Qd2 Rd8 18. Qg5 Nb4 19. Bxb7 Qxb7 20. Rcd1 Rxd1 21. Rxd1 Rd7 22. Qg4 Qe4 23. Qxd7 1-0


[Site "https://www.chess.com"]

[Event "Titled Tuesday Blitz January 03 Late 2023"]
[White "Andreev, Eduard"]
[Black "Fernandez Guillen, Ernesto J."]
[WhiteFideId "14103400"]
[BlackFideId "3512428"]
[WhiteElo "2413"]
[BlackElo "2477"]
[Result "0-1"]
[Round "02"]
[TimeControl "180+2"]
[Date "2023.01.03"]
[WhiteClock "0:00:45"]
[BlackClock "0:00:43"]

1. Nf3 Nf6 2. g3 g6 3. Bg2 Bg7 4. d4 O-O 5. c4 d5 6. cxd5 Nxd5 7. O-O Nb6 8. e3 c6 9. Nc3 N8d7 10. Re1 e5 11. dxe5 Nxe5 12. Nxe5 Bxe5 13. e4 Nc4 14. Qc2 b5 15. Bh6 Re8 16. Red1 Qa5 17. Rac1 Bg4 18. Re1 Rad8 19. h3 Be6 20. Bg5 f6 21. Bf4 Bxf4 22. gxf4 Rd2 23. Qb1 Rxb2 24. Qa1 Rd8 25. e5 f5 26. Red1 Rxd1+ 27. Nxd1 Rxa2 28. Qd4 Qe1+ 29. Kh2 Rd2 30. Qa1 Bd5 31. Qc3 a5 32. e6 Bxg2 33. Kxg2 Qe4+ 34. Kg3 Rd3+ 35. Kh4 Rxc3 36. Rxc3 Qxe6 37. Ne3 Qf6+ 38. Kg3 Qxc3 0-1


[Site "https://www.chess.com"]

[Event "Titled Tuesday Blitz January 03 Late 2023"]
[White "Martinez Reyes, Pedro Ramon"]
[Black "Dimitrov, Atanas"]
[WhiteFideId "3901807"]
[BlackFideId "2901315"]
[WhiteElo "2376"]
[BlackElo "2269"]
[Result "1/2-1/2"]
[Round "02"]
[TimeControl "180+2"]
[Date "2023.01.03"]
[WhiteClock "0:00:06"]
[BlackClock "0:00:03"]

1. e4 c5 2. Nf3 d6 3. d4 cxd4 4. Nxd4 Nf6 5. Nc3 g6 6. Be2 Bg7 7. O-O O-O 8. Re1 Nc6 9. Nb3 a6 10. Bg5 Bd7 11. Bf1 h6 12. Bh4 g5 13. Bg3 Rc8 14. Nd5 Nxd5 15. exd5 Ne5 16. c3 Ng6 17. Bd3 f5 18. Nd4 Bxd4 19. cxd4 Kg7 20. f3 Qa5 21. Qb3 b5 22. Bf2 b4 23. a3 Rb8 24. axb4 Qxb4 25. Qxb4 Rxb4 26. Rxa6 Rxb2 27. Ra7 Rd8 28. Bf1 Kf6 29. Rc7 Nf8 30. h4 Ra8 31. hxg5+ hxg5 32. f4 Raa2 33. fxg5+ Kxg5 34. Be3+ f4 35. Bc1 Rc2 36. Rxc2 Rxc2 37. g3 Ng6 38. Bd3 Rc3 39. Bxg6 Rxg3+ 40. Kf2 Kxg6 41. Bxf4 Rg4 42. Kf3 Kf5 43. Bg3 Rg7 44. Bh4 e6 45. dxe6 Bxe6 46. Bg3 Bd5+ 47. Kf2 Rg6 48. Re3 Be4 49. Rc3 d5 50. Ra3 Rb6 51. Be5 Kg4 52. Rg3+ Kf5 53. Rg8 Rb2+ 54. Ke3 Rb3+ 55. Kf2 Rf3+ 56. Ke2 Rb3 57. Rf8+ Ke6 58. Rf6+ Kd7 59. Rd6+ Ke7 60. Rh6 Kf7 61. Rf6+ Ke7 62. Rh6 Rb2+ 63. Ke3 Rb3+ 64. Kf4 Rf3+ 65. Kg4 Rf1 66. Rb6 Kd7 67. Kg5 Rf5+ 68. Kg4 Rf1 69. Rd6+ Kc8 70. Rb6 Rc1 71. Kg5 Rf1 72. Kg4 Rg1+ 73. Kf4 Rf1+ 74. Ke3 Rf3+ 75. Ke2 Ra3 76. Kd2 Ra2+ 77. Ke3 1/2-1/2


[Site "https://www.chess.com"]

[Event "Titled Tuesday Blitz January 03 Late 2023"]
[White "Antonica, Dragos-Andrei"]
[Black "Rangel, Daniel"]
[WhiteFideId "1246372"]
[BlackFideId "2124475"]
[WhiteElo "2373"]
[BlackElo "2207"]
[Result "0-1"]
[Round "02"]
[TimeControl "180+2"]
[Date "2023.01.03"]
[WhiteClock "0:01:04"]
[BlackClock "0:01:34"]

1. d4 d5 2. c4 c6 3. Nf3 Nf6 4. Nc3 e6 5. Bg5 Nbd7 6. e3 h6 7. Bh4 g5 8. Bg3 Nh5 9. Bd3 Nxg3 10. hxg3 Bg7 11. O-O a6 12. cxd5 cxd5 13. e4 dxe4 14. Nxe4 O-O 15. Bc2 Nf6 16. Nxf6+ Qxf6 17. Qd3 Rd8 18. Rad1 Bd7 19. d5 Bb5 20. Qh7+ Kf8 21. Rfe1 Rxd5 22. Be4 Rxd1 23. Rxd1 Rd8 24. Rxd8+ Qxd8 25. Bxb7 Qd1+ 26. Kh2 Qe2 27. Be4 Qxf2 28. Bc2 Bf1 29. Nxg5 Qxg2# 0-1


[Site "https://www.chess.com"]

[Event "Titled Tuesday Blitz January 03 Late 2023"]
[White "Martin Carmona, Gaston Manuel"]
[Black "Aradhya, Garg"]
[WhiteFideId "22284567"]
[BlackFideId "25006746"]
[WhiteElo "2333"]
[BlackElo "2284"]
[Result "0-1"]
[Round "02"]
[TimeControl "180+2"]
[Date "2023.01.03"]
[WhiteClock "0:01:16"]
[BlackClock "0:00:41"]

1. e4 e5 2. Nf3 Nc6 3. Bb5 a6 4. Ba4 Nf6 5. O-O d6 6. d3 b5 7. Bb3 Na5 8. Nc3 Be7 9. Bd2 c6 10. h3 O-O 11. Re1 Nxb3 12. axb3 b4 13. Ne2 c5 14. Be3 Bb7 15. Nd2 d5 16. Bg5 dxe4 17. Bxf6 Bxf6 18. dxe4 Bg5 19. Nf3 Bxe4 20. Qxd8 Bxd8 21. Nxe5 Bxc2 22. Nd7 Bxb3 23. Nxf8 Kxf8 24. Nf4 Bf6 25. Re2 a5 26. Nd3 Bc4 27. Rd1 Rd8 28. Red2 Rxd3 29. Rxd3 Bxd3 30. Rxd3 Bxb2 31. Rd8+ Ke7 32. Ra8 c4 33. Rxa5 c3 34. Rc5 b3 0-1


[Site "https://www.chess.com"]

[Event "Titled Tuesday Blitz January 03 Late 2023"]
[White "Kulkarni, Rakesh"]
[Black "Rozman, Levy"]
[WhiteFideId "5037077"]
[BlackFideId "2039877"]
[WhiteElo "2321"]
[BlackElo "2322"]
[Result "0-1"]
[Round "02"]
[TimeControl "180+2"]
[Date "2023.01.03"]
[WhiteClock "0:00:08"]
[BlackClock "0:00:03"]

1. e4 e6 2. d4 d5 3. Bd3 dxe4 4. Bxe4 Nf6 5. Bf3 c5 6. Ne2 Nc6 7. Be3 e5 8. Bxc6+ bxc6 9. dxc5 Qxd1+ 10. Kxd1 Ng4 11. b4 a5 12. c3 Be6 13. a3 f5 14. h3 Nxe3+ 15. fxe3 g6 16. Nd2 Bh6 17. Nf3 Bg7 18. Kc2 Bc4 19. Nc1 Ke7 20. Nb3 a4 21. Nbd2 Be6 22. Rhe1 Rhd8 23. e4 f4 24. Rab1 Rab8 25. c4 Rbc8 26. Rec1 Bf6 27. Kd1 g5 28. b5 h5 29. Ke2 g4 30. Ne1 f3+ 31. gxf3 gxh3 32. Nf1 Rd4 33. Rb4 Bg5 34. Rc3 Rcd8 35. Nd3 Bf4 36. Nxf4 exf4 37. Rc2 Rg8 38. Ke1 Rg2 39. Rf2 cxb5 40. Rxb5 Rxc4 41. Rb7+ Kf6 42. Rh7 Rc1+ 43. Kd2 Rxf1 0-1


[Site "https://www.chess.com"]

[Event "Titled Tuesday Blitz January 03 Late 2023"]
[White "Fishbein, Mitch"]
[Black "Maksimovic, Bojan"]
[WhiteFideId "30922917"]
[BlackFideId "14408120"]
[WhiteElo "2120"]
[BlackElo "2486"]
[Result "0-1"]
[Round "02"]
[TimeControl "180+2"]
[Date "2023.01.03"]
[WhiteClock "0:00:10"]
[BlackClock "0:00:10"]

1. d4 g6 2. e4 Bg7 3. Nf3 c6 4. h3 d5 5. e5 f6 6. Bd3 Nh6 7. O-O O-O 8. Re1 Nf7 9. Bf4 fxe5 10. dxe5 e6 11. c4 Qe7 12. Nc3 Nd7 13. Bg3 Nb6 14. Qe2 Nh6 15. Rad1 Bd7 16. a3 Rae8 17. b4 Nf5 18. Bh2 Nh4 19. Nxh4 Qxh4 20. Bg3 Qe7 21. c5 Nc8 22. Qd2 Rf7 23. Ne2 Ref8 24. Nd4 Qe8 25. Be2 Ne7 26. Bg4 Nf5 27. Bh2 Nxd4 28. Qxd4 Rxf2 29. Rf1 Rxf1+ 30. Rxf1 Rxf1+ 31. Kxf1 Qf7+ 32. Qf4 h5 33. Be2 Bh6 34. Qxf7+ Kxf7 35. Bg1 Bc1 36. Bd4 Bxa3 37. Bc3 b6 38. cxb6 axb6 39. Ke1 c5 40. bxc5 bxc5 41. Kd2 Ba4 42. g4 hxg4 43. hxg4 Bb3 44. Ba5 d4 45. Bb6 Bb4+ 46. Kc1 Bd5 47. Kc2 Ke7 48. g5 Kd7 49. Bd3 Kc6 50. Bd8 c4 51. Bxg6 d3+ 52. Bxd3 cxd3+ 53. Kxd3 Ba2 54. Kc2 Kd7 55. g6 Ke8 56. g7 Kf7 57. Bf6 Bd5 58. Kd3 Ba3 59. Kc3 Bc1 60. Kb4 Bh6 61. Kc5 Bxg7 0-1


[Site "https://www.chess.com"]

[Event "Titled Tuesday Blitz January 03 Late 2023"]
[White "Sai Krishna G V"]
[Black "Hansen, Torbjorn Ringdal"]
[WhiteFideId "5028280"]
[BlackFideId "1501720"]
[WhiteElo "2384"]
[BlackElo "2432"]
[Result "1-0"]
[Round "02"]
[TimeControl "180+2"]
[Date "2023.01.03"]
[WhiteClock "0:01:25"]
[BlackClock "0:00:15"]

1. e4 c6 2. d4 d5 3. Nc3 dxe4 4. Nxe4 Nf6 5. Nxf6+ exf6 6. c3 Bf5 7. Ne2 Bd6 8. Ng3 Bg6 9. Qf3 O-O 10. h4 Re8+ 11. Be3 Qb6 12. O-O-O h5 13. Nxh5 Qa5 14. Nxg7 Kxg7 15. h5 Bf5 16. h6+ Kh7 17. Rh5 Be4 18. Qxf6 Qxa2 19. Qg7# 1-0


[Site "https://www.chess.com"]

[Event "Titled Tuesday Blitz January 03 Late 2023"]
[White "Martin Duque, Jesus"]
[Black "Salimova, Nurgyul"]
[WhiteFideId "2208954"]
[BlackFideId "2915138"]
[WhiteElo "2386"]
[BlackElo "2391"]
[Result "0-1"]
[Round "02"]
[TimeControl "180+2"]
[Date "2023.01.03"]
[WhiteClock "0:01:33"]
[BlackClock "0:01:03"]

1. Nf3 Nf6 2. b3 d5 3. Bb2 Bf5 4. g3 e6 5. Bg2 h6 6. O-O Nbd7 7. d3 c6 8. Nbd2 Be7 9. e4 Bh7 10. Qe2 O-O 11. a4 a5 12. Rfd1 Nc5 13. Ne5 Qc7 14. f4 Rfd8 15. Bh3 dxe4 16. Ndc4 exd3 17. cxd3 Nxb3 18. Nxf7 Kxf7 19. Qxe6+ Kf8 20. Ne5 Bc5+ 21. d4 Nxd4 22. Rxd4 Rxd4 23. Bf5 Rd6+ 0-1


[Site "https://www.chess.com"]

[Event "Titled Tuesday Blitz January 03 Late 2023"]
[White "Stachanczyk, Jacek"]
[Black "Saric, Ibro"]
[WhiteFideId "1116657"]
[BlackFideId "14401290"]
[WhiteElo "2147"]
[BlackElo "2531"]
[Result "0-1"]
[Round "02"]
[TimeControl "180+2"]
[Date "2023.01.03"]
[WhiteClock "0:00:55"]
[BlackClock "0:01:34"]

1. e4 c6 2. d4 d6 3. Nc3 Nf6 4. f4 d5 5. e5 Ng8 6. Nf3 g6 7. Bd3 h5 8. Ne2 Nh6 9. Be3 Bf5 10. Ng3 Bxd3 11. Qxd3 e6 12. O-O-O Qa5 13. Kb1 Qb5 14. Qd2 Nd7 15. Ng5 Nb6 16. Qf2 Ng4 17. Qf3 Nxe3 18. Qxe3 Qxb2+ 19. Kxb2 Nc4+ 20. Kc3 Nxe3 21. Rd2 a5 22. Re2 Nc4 23. a4 b5 24. axb5 cxb5 25. Rb1 b4+ 26. Kd3 a4 27. Nf1 Rc8 28. Nd2 Na3 0-1


[Site "https://www.chess.com"]

[Event "Titled Tuesday Blitz January 03 Late 2023"]
[White "Sos Andreu, Eric"]
[Black "Tristan, Leonardo"]
[WhiteFideId "22247017"]
[BlackFideId "113816"]
[WhiteElo "2352"]
[BlackElo "2545"]
[Result "0-1"]
[Round "02"]
[TimeControl "180+2"]
[Date "2023.01.03"]
[WhiteClock "0:00:03"]
[BlackClock "0:00:22"]

1. c4 e6 2. Nf3 d5 3. g3 Nf6 4. Bg2 Be7 5. O-O O-O 6. b3 a5 7. d3 a4 8. bxa4 dxc4 9. Bb2 cxd3 10. exd3 Nbd7 11. Nc3 Nb6 12. Qc2 Nfd5 13. Nxd5 exd5 14. Be5 c6 15. Rab1 Nxa4 16. Rfe1 Bf6 17. d4 Bxe5 18. Nxe5 Qa5 19. Re2 Nc3 20. Rbe1 Nxe2+ 21. Qxe2 Qxa2 22. Qh5 Qd2 23. Rd1 Qc2 24. Bf1 Ra2 25. Qf3 Qf5 26. Qe3 Qc2 27. Qf3 f6 28. Nd3 Ra3 29. Re1 Qd2 30. Re7 Ra1 31. Nf4 Qd1 32. Qg2 b6 33. Nxd5 cxd5 34. Qxd5+ Kh8 35. Qc4 Ba6 36. Rf7 Qxf1+ 37. Qxf1 Rxf1+ 38. Kg2 Rxf7 0-1


[Site "https://www.chess.com"]

[Event "Titled Tuesday Blitz January 03 Late 2023"]
[White "Domingo Nunez, Ruben"]
[Black "Chernov, Mikhail"]
[WhiteFideId "22245570"]
[BlackFideId "24143170"]
[WhiteElo "2416"]
[BlackElo "2205"]
[Result "1-0"]
[Round "02"]
[TimeControl "180+2"]
[Date "2023.01.03"]
[WhiteClock "0:00:45"]
[BlackClock "0:00:06"]

1. e4 c5 2. d4 cxd4 3. c3 dxc3 4. Nxc3 Nc6 5. Nf3 e6 6. Bc4 Qc7 7. O-O Nf6 8. Nb5 Qb8 9. e5 Ng4 10. Bf4 a6 11. Nd6+ Bxd6 12. exd6 b5 13. Bb3 Qb6 14. h3 Nf6 15. Bg5 Bb7 16. Rc1 O-O 17. Bxf6 gxf6 18. Qd2 Na5 19. Rc3 Nxb3 20. Rxb3 Bd5 21. Rc3 Qxd6 22. Nd4 Kh8 23. Re1 Rg8 24. Nf3 Rxg2+ 25. Kf1 Rag8 26. Qh6 Bc4+ 27. Rxc4 Qd3+ 28. Re2 bxc4 29. Qxf6+ R2g7 30. Ne5 Qd1+ 31. Re1 Qh5 32. Re4 Qxh3+ 33. Ke1 Qh1+ 34. Kd2 h6 35. Rh4 Qd5+ 36. Kc1 1-0


[Site "https://www.chess.com"]

[Event "Titled Tuesday Blitz January 03 Late 2023"]
[White "Papasimakopoulos, Alexandros"]
[Black "aidenzhouu"]
[WhiteFideId "4244125"]
[WhiteElo "2401"]
[BlackElo "2395"]
[Result "1-0"]
[Round "02"]
[TimeControl "180+2"]
[Date "2023.01.03"]
[WhiteClock "0:02:26"]
[BlackClock "0:00:43"]

1. d4 Nf6 2. c4 g6 3. Nc3 Bg7 4. e4 d6 5. f3 O-O 6. Nge2 Nc6 7. Be3 a6 8. Rc1 Rb8 9. Qd2 Bd7 10. Nd1 e5 11. d5 Ne7 12. g3 c5 13. dxc6 Bxc6 14. Bg2 b5 15. cxb5 Bxb5 16. Ndc3 d5 17. exd5 Nexd5 18. Bc5 Re8 19. Nxb5 Rxb5 20. O-O Nf4 21. Rfd1 Qxd2 22. Rxd2 Nxe2+ 23. Rxe2 Rc8 24. Be3 Rxc1+ 25. Bxc1 Bf8 26. b3 Bc5+ 27. Kf1 Bd4 28. Bb2 Bxb2 29. Rxb2 Nd5 30. Kf2 f5 31. Bf1 Ra5 32. b4 Rb5 33. Bxb5 axb5 34. a3 Kf7 35. Rc2 e4 36. fxe4 fxe4 37. Rc5 e3+ 38. Ke2 Ke6 39. Ke1 Ke5 40. Rxb5 Kd4 41. Rxd5+ Kxd5 42. Ke2 1-0


[Site "https://www.chess.com"]

[Event "Titled Tuesday Blitz January 03 Late 2023"]
[White "Korchmar, Vasiliy"]
[Black "Jorajuria Mendoza, Algol"]
[WhiteFideId "24131750"]
[BlackFideId "5128897"]
[WhiteElo "2438"]
[BlackElo "2069"]
[Result "1-0"]
[Round "02"]
[TimeControl "180+2"]
[Date "2023.01.03"]
[WhiteClock "0:00:21"]
[BlackClock "0:00:11"]

1. e4 c5 2. Nf3 d6 3. d4 cxd4 4. Nxd4 Nf6 5. Nc3 Nc6 6. Be2 g6 7. O-O Bg7 8. Nb3 O-O 9. Re1 a6 10. Bf1 b5 11. Bg5 Ng4 12. h3 h6 13. Bh4 g5 14. Bg3 Nge5 15. a4 bxa4 16. Rxa4 Bb7 17. Nd5 e6 18. Ne3 Qe7 19. Qa1 Rfc8 20. Bxa6 Bxa6 21. Rxa6 Rab8 22. Rd1 Rd8 23. Qa4 Nb4 24. Ra7 Qf8 25. c3 Nbd3 26. Rd2 Nf4 27. Nd4 Rb6 28. b3 Rc8 29. c4 Rcb8 30. Nb5 d5 31. exd5 exd5 32. Bxf4 gxf4 33. Nxd5 Re6 34. Nxf4 Rf6 35. Nd5 Rd8 36. Nxf6+ Bxf6 37. Rxd8 Bxd8 38. Ra8 Kh7 39. Qa1 Qg7 40. Qb1+ 1-0


[Site "https://www.chess.com"]

[Event "Titled Tuesday Blitz January 03 Late 2023"]
[White "Paspuel, Trosky"]
[Black "Skvortsov, Andrei"]
[WhiteFideId "3602150"]
[BlackFideId "24108600"]
[WhiteElo "1721"]
[BlackElo "2313"]
[Result "1/2-1/2"]
[Round "02"]
[TimeControl "180+2"]
[Date "2023.01.03"]
[WhiteClock "0:00:03"]
[BlackClock "0:00:11"]

1. c4 c5 2. g3 Nf6 3. Bg2 Nc6 4. Nc3 e5 5. a3 d6 6. Rb1 Be7 7. b4 O-O 8. d3 Nd4 9. h3 Rb8 10. e3 Ne6 11. Nge2 b6 12. O-O Bb7 13. Nd5 Nxd5 14. cxd5 Nc7 15. e4 f5 16. f4 exf4 17. Nxf4 Bf6 18. exf5 Bd4+ 19. Kh2 Rxf5 20. Ne6 Rxf1 21. Qxf1 Nxe6 22. dxe6 Qf6 23. Qxf6 gxf6 24. bxc5 Bxg2 25. Kxg2 dxc5 26. Bf4 Re8 27. Re1 Kg7 28. Kf3 f5 29. Be5+ Bxe5 30. Rxe5 Kf6 31. Kf4 Rxe6 32. Rxf5+ Kg6 33. Re5 Rd6 34. Ke3 Kf7 35. g4 Rf6 36. h4 Rf1 37. Rd5 Ke7 38. Rh5 Rf7 39. Ke4 Kd6 40. Rh6+ Kc7 41. g5 Re7+ 42. Kd5 Rd7+ 43. Ke4 b5 44. h5 b4 45. axb4 cxb4 46. g6 hxg6 47. hxg6 b3 48. Rh7 b2 49. Rxd7+ Kxd7 50. g7 b1=Q 51. g8=Q Qe1+ 52. Kd4 Qa1+ 53. Kc5 Qa5+ 54. Kd4 Qb6+ 55. Kc3 Qa5+ 56. Kd4 Qa1+ 57. Ke3 Qe5+ 58. Kd2 Qf4+ 59. Kc3 Qe5+ 60. Kc2 a5 61. Qc4 Kd6 62. d4 Qe4+ 63. Kb3 Qb1+ 64. Ka4 Qb6 65. Qc5+ Qxc5 66. dxc5+ Kxc5 67. Kxa5 1/2-1/2


[Site "https://www.chess.com"]

[Event "Titled Tuesday Blitz January 03 Late 2023"]
[White "Godzwon, Iwo"]
[Black "Rosenberg, Evan S"]
[WhiteFideId "21802483"]
[BlackFideId "2019299"]
[WhiteElo "2394"]
[BlackElo "1956"]
[Result "1-0"]
[Round "02"]
[TimeControl "180+2"]
[Date "2023.01.03"]
[WhiteClock "0:00:25"]
[BlackClock "0:00:04"]

1. e4 e5 2. Nf3 Nc6 3. Bb5 Nf6 4. d3 Ne7 5. O-O c6 6. Ba4 Ng6 7. Re1 Be7 8. Nbd2 O-O 9. Nf1 Qc7 10. Bb3 d5 11. Bg5 Be6 12. Qe2 h6 13. Bd2 d4 14. Ng3 a5 15. c3 dxc3 16. Bxc3 Bc5 17. Nf5 Rfe8 18. Qc2 Bb6 19. d4 exd4 20. N5xd4 Bxb3 21. axb3 Qf4 22. g3 Qg4 23. h3 Qxh3 24. e5 Ng4 25. e6 Bxd4 26. Bxd4 Ne7 27. exf7+ Kxf7 28. Qh7 Rg8 29. Bxg7 Nxf2 30. Bf6+ Kxf6 31. Qxe7+ Kg6 32. Ne5+ Kh5 33. Qf7+ Rg6 34. Qxg6# 1-0


[Site "https://www.chess.com"]

[Event "Titled Tuesday Blitz January 03 Late 2023"]
[White "SilverCityIndigo"]
[Black "Kuzmicz, Krystian"]
[BlackFideId "1119125"]
[WhiteElo "2335"]
[BlackElo "2466"]
[Result "0-1"]
[Round "02"]
[TimeControl "180+2"]
[Date "2023.01.03"]
[WhiteClock "0:00:06"]
[BlackClock "0:00:07"]

1. a3 e5 2. c3 Nf6 3. d4 d6 4. Nf3 e4 5. Nfd2 Bf5 6. e3 c6 7. Qb3 Qc7 8. c4 Nbd7 9. Nc3 Be7 10. Be2 Bg6 11. O-O O-O 12. f3 exf3 13. Bxf3 Rfe8 14. Re1 Rab8 15. a4 a6 16. a5 c5 17. d5 Ne5 18. Be2 Bf8 19. Nf3 Neg4 20. Nd1 Ne4 21. h3 Ngf6 22. Nc3 Nxc3 23. Qxc3 Ne4 24. Qb3 Be7 25. Bd3 Bf6 26. Qc2 Re7 27. Ra3 Rbe8 28. Qe2 b6 29. axb6 Qxb6 30. b3 Nc3 31. Qc2 Ne4 32. Nd2 h6 33. Nxe4 Bxe4 34. Bd2 Bg5 35. Kf2 Qb7 36. Bxe4 Rxe4 37. Qd3 Qc8 38. Re2 Bh4+ 39. Kg1 Qf5 40. Rxa6 Qg6 41. Ra1 Bg3 42. Rf1 h5 43. Rf3 h4 44. Be1 Be5 45. Bf2 Bf6 46. Rf4 Rxf4 47. Qxg6 fxg6 0-1


[Site "https://www.chess.com"]

[Event "Titled Tuesday Blitz January 03 Late 2023"]
[White "Bjelobrk, Igor"]
[Black "Ankerst, Mihael"]
[WhiteFideId "4300726"]
[BlackFideId "14602369"]
[WhiteElo "2403"]
[BlackElo "2370"]
[Result "1-0"]
[Round "02"]
[TimeControl "180+2"]
[Date "2023.01.03"]
[WhiteClock "0:00:22"]
[BlackClock "0:00:03"]

1. Nf3 Nf6 2. c4 g6 3. Nc3 Bg7 4. e4 d6 5. d4 O-O 6. h3 Nbd7 7. Be3 a6 8. Be2 c5 9. O-O cxd4 10. Nxd4 Nc5 11. Qc2 Ne6 12. Rad1 Nxd4 13. Bxd4 Be6 14. b3 Qa5 15. Qb2 Rfc8 16. f4 b5 17. f5 b4 18. fxe6 bxc3 19. exf7+ Kxf7 20. Bxc3 Qg5 21. e5 dxe5 22. Bxe5 Rd8 23. Bf3 Rac8 24. Qe2 a5 25. Kh1 Kg8 26. Bh2 Rxd1 27. Rxd1 Rf8 28. Qxe7 h5 29. c5 Rf7 30. Qd8+ Rf8 31. Qd4 Kh7 32. Qc4 Ng4 33. hxg4 h4 34. Bd6 Re8 35. Qd5 Qe3 36. c6 Be5 37. Bxe5 Rxe5 38. Qd2 Qb6 39. Re1 Rc5 40. Re7+ Kg8 41. Bd5+ Kf8 42. Rf7+ Ke8 43. Qe3+ Kd8 44. Qe7+ Kc8 45. Qd7+ Kb8 46. Rf8+ Qd8 47. Rxd8# 1-0


[Site "https://www.chess.com"]